 Dungeon Crawl Stone Soup version 0.29-a0-8-g0446c0dae4 (webtiles) character file.

Game seed: 5082010177424235935

6787 robertstho the Grappler (level 10, -9/97 HPs)
             Began as a Troll Delver on Jan 27, 2022.
             Was a High Priest of Okawaru.
             Mangled by a cane toad (18 damage)
             ... on level 1 of the Lair of Beasts.
             The game lasted 00:13:12 (6555 turns).

robertstho the Grappler (Troll Delver)              Turns: 6555, Time: 00:13:12

Health: -9/97      AC:  8    Str: 26    XL:     10   Next: 76%
Magic:  11/11      EV: 10    Int:  6    God:    Okawaru [*****.]
Gold:   492        SH:  5    Dex: 11    Spells: 9/9 levels left

rFire   . . .      SeeInvis .     - Unarmed
rCold   + . .      Faith    .   (no shield)
rNeg    . . .      Spirit   .   s - +0 troll leather armour
rPois   .          Reflect  +   (helmet restricted)
rElec   .          Harm     .   (no cloak)
rCorr   .          Rampage  .   (gloves unavailable)
Will    .....                   (boots unavailable)
Stlth   ++........              j - amulet of reflection
HPRegen 1.86/turn               a - ring of protection from cold
MPRegen 0.12/turn               (no ring)

@: no status effects
A: large, unfitting armour, claws 3, regeneration 1, shaggy fur 1, tough skin 1,
iridescent scales 1, low mp 1
a: Renounce Religion, Heroism, Finesse, Duel


You were on level 1 of the Lair of Beasts.
You worshipped Okawaru.
Okawaru was extremely pleased with you.
You visited 3 branches of the dungeon, and saw 11 of its levels.

You collected 492 gold pieces.

Inventory:

Missiles
 d - 2 throwing nets
 u - 3 large rocks (quivered)
Armour
 s - a +0 troll leather armour (worn)
Jewellery
 a - a ring of protection from cold (left claw)
 j - an amulet of reflection (around neck)
Wands
 f - a wand of digging (3)
 n - a wand of iceblast (9)
 q - a wand of polymorph (20)
 z - a wand of flame (5)
Scrolls
 b - a scroll of fog
 c - a scroll of magic mapping
 i - a scroll of identify
 k - 3 scrolls of teleportation
 r - a scroll of enchant armour
 t - 2 scrolls of noise {unknown}
 w - a scroll of summoning {unknown}
 y - a scroll of enchant weapon
 B - a scroll of brand weapon
 C - a scroll of vulnerability {unknown}
Potions
 e - 3 potions of curing
 g - 2 potions of brilliance
 h - 3 potions of cancellation
 l - 2 potions of might {unknown}
 m - 3 potions of heal wounds
 o - 4 potions of degeneration {unknown}
 p - a potion of flight {unknown}
 v - a potion of attraction {unknown}
 x - a potion of magic
 A - a potion of mutation


   Skills:
 * Level 5.6 Fighting
 * Level 3.6 Armour
 + Level 4.3 Dodging
 + Level 4.0 Stealth
 + Level 2.5 Shields
 + Level 11.2 Unarmed Combat
 * Level 4.8 Invocations
 + Level 1.3 Evocations


You had 9 spell levels left.
You didn't know any spells.
Your spell library contained the following spells:

 Spells                   Type           Power      Damage    Failure   Level
 Magic Dart               Conj           0%         1d3       50%         1
 Dazzling Flash           Conj/Hex       0%         N/A       86%         3
 Gell's Gravitas          Tloc           0%         N/A       86%         3
 Ignite Poison            Fire/Tmut/Pois 0%         N/A       86%         3
 Lesser Beckoning         Tloc           0%         N/A       86%         3
 Mephitic Cloud           Conj/Pois/Air  0%         N/A       86%         3
 Portal Projectile        Hex/Tloc       0%         N/A       86%         3
 Teleport Other           Tloc           0%         N/A       86%         3
 Anguish                  Hex/Necr       0%         N/A       99%         4
 Iskenderun's Mystic Bla  Conj/Tloc      0%         2d3       99%         4
 Blade Hands              Tmut           0%         N/A       100%        5
 Excruciating Wounds      Necr           0%         N/A       100%        5
 Freezing Cloud           Conj/Ice/Air   0%         6-21      100%        5
 Starburst                Conj/Fire      0%         6d3       100%        6
 Enfeeble                 Hex            0%         N/A       100%        7
 Borgnjor's Revivificati  Necr           0%         N/A       100%        8
 Necromutation            Tmut/Necr      0%         N/A       100%        8
 Death's Door             Necr           0%         N/A       100%        9
 Call Imp                 Summ           Unusable   N/A       N/A         2
 Tukima's Dance           Hex            Unusable   N/A       N/A         3

Dungeon Overview and Level Annotations

Branches:
Dungeon (9/15)             Temple (1/1) D:4            Lair (1/6) D:8
    Orc (0/2) D:9

Altars:
Ashenzari
Cheibriados
Dithmenos
Elyvilon
Fedhas
Gozag
Hepliaklqana
Kikubaaqudgha
Makhleb
Nemelex Xobeh
Okawaru
Qazlal
Ru
Sif Muna
Trog
Vehumet
Wu Jian
Xom
Zin
The Shining One

Shops:
D:4 (

Annotations:
D:4 468 double sword flaming


Innate Abilities, Weirdness & Mutations

You are too large for most types of armour.
You have claws for hands.
Your natural rate of healing is unusually fast.
You are covered in fur. (AC +1)
You have tough skin. (AC +1)
You are partially covered in iridescent scales. (AC +2)
Your magical capacity is low. (-10% MP)


Message History

Throw: 6 large rocks
Press: ? - help, Q - select action, (/) - cycle Shift-Dir - straight line, f/p - six-headed hydra
Aim: a six-headed hydra (severely wounded, 77% to hit)
You throw a large rock.
The large rock hits the six-headed hydra!!
The six-headed hydra is almost dead.
The six-headed hydra bites you but does no damage.
The six-headed hydra bites you! The six-headed hydra bites you.
The six-headed hydra closely misses you.
The six-headed hydra bites you but does no damage.
You block the six-headed hydra's attack.
The six-headed hydra bites you!
The six-headed hydra completely misses you.
You block the six-headed hydra's attack.
The six-headed hydra bites you! x3
Throw: 5 large rocks
Press: ? - help, Q - select action, (/) - cycle Shift-Dir - straight line, f/p - six-headed hydra
Aim: a six-headed hydra (almost dead, 77% to hit)
You throw a large rock.
The large rock hits the six-headed hydra.
The six-headed hydra is almost dead.
The six-headed hydra bites you. The six-headed hydra bites you!
The six-headed hydra barely misses you. x2
The six-headed hydra closely misses you.
The six-headed hydra bites you. x2
You block the six-headed hydra's attack. x2
The six-headed hydra bites you!
* * * LOW HITPOINT WARNING * * *
The six-headed hydra bites you but does no damage.
The six-headed hydra bites you!
* * * LOW HITPOINT WARNING * * *
Throw: 4 large rocks
Press: ? - help, Q - select action, (/) - cycle Shift-Dir - straight line, f/p - six-headed hydra
Aim: a six-headed hydra (almost dead, 77% to hit)
You throw a large rock.
The large rock hits the six-headed hydra!
You kill the six-headed hydra!
Okawaru is honoured by your kill. The cane toad stings you!!
You die...

##÷..#....... ... ..
##...#...8...# ♣.♣.#..## ####
##...#.........# ..≈≈♣...# #..##
##.(##..8..>..8..
≈.≈.....###...###......^.........
..≈≈≈.≈..##..###.(#........8.....
≈≈......♣........................
..≈≈..≈.........F##..8........#..
≈.≈.≈.≈.≈....#..@#.....##..8...#.
.≈.≈≈.≈≈≈..######......# .....#..
≈.≈..≈.....## #.....# ##.
.≈.≈.≈.≈...P# ..#.## ##
≈≈..≈≈.≈....# .#.# #
..≈≈≈≈≈≈♣###.# .. . ≈≈...≈....
... .. .. .≈.≈≈≈♣.... ..... ..#
... ≈≈..♣..........#..F


You could see a cane toad.

Vanquished Creatures
  A hydra (Lair:1)
  A cyclops (D:7)
  The ghost of dracfodder the Geomancer, a novice GrEE (D:7)
  2 cane toads (Lair:1)
  A komodo dragon (Lair:1)
  A shadow (D:9)
  A wraith (D:9)
  A wyvern (D:9)
  4 water moccasins
  An ice beast (D:6)
  2 sky beasts (D:7)
  5 orc warriors
  2 black bears (D:7)
  A hornet zombie (D:7)
  9 centaurs
  An ogre (D:4)
  A phantom (D:5)
  A kobold brigand (D:8)
  3 scorpions
  6 bullfrogs
  A gnoll sergeant (D:5)
  4 killer bees (D:9)
  12 wights
  An electric eel (Lair:1)
  A lava snake (D:7)
  3 centaur zombies (D:9)
  5 orc priests
  2 bullfrog skeletons
  A hound (D:6)
  2 jellies (D:4)
  3 centaur skeletons
  2 iguanas
  Jessica (D:3)
  A scorpion zombie (D:5)
  Terence (D:3)
  Natasha (twice) (D:3)
  11 orc wizards
  7 gnolls
  A howler monkey skeleton (D:5)
  4 adders
  2 white imps
  An ufetubus (D:5)
  An adder skeleton (D:4)
  A dart slug (D:2)
  23 orcs
  5 ball pythons
  3 bats
  2 endoplasms (D:3)
  6 giant cockroaches
  7 goblins
  4 hobgoblins
  3 jackals (D:1)
  2 quokkas (D:4)
  A frilled lizard (D:2)
  13 kobolds
  5 rats
189 creatures vanquished.

Vanquished Creatures (others)
  A fungus (Lair:1)
  2 plants (Lair:1)
3 creatures vanquished.

Grand Total: 192 creatures vanquished

Notes
Turn   | Place    | Note
-------+----------+-------------------------------------------
     0 | D:5      | robertstho the Troll Delver began the quest for the Orb.
     0 | D:5      | Reached XP level 1. HP: 22/22 MP: 0/0
    10 | D:5      | Reached XP level 2. HP: 29/29 MP: 1/1
    54 | D:5      | Reached XP level 3. HP: 17/36 MP: 2/2
   145 | D:4      | Found a stormy altar of Qazlal.
   145 | D:4      | Found a glowing golden altar of the Shining One.
   271 | D:3      | Found a bloodstained altar of Trog.
   298 | D:3      | Noticed Jessica
   300 | D:3      | Killed Jessica
   301 | D:3      | Reached XP level 4. HP: 44/44 MP: 3/3
   564 | D:3      | Noticed Terence
   571 | D:3      | Killed Terence
   572 | D:3      | Reached skill level 3 in Unarmed Combat
   590 | D:3      | Noticed Natasha
   598 | D:3      | Gained mutation: Your magical capacity is low. (-10% MP)
                  | [potion of mutation]
   598 | D:3      | Gained mutation: You are partially covered in iridescent
                  | scales. (AC +2) [potion of mutation]
   604 | D:3      | Reached XP level 5. HP: 36/53 MP: 3/3
   611 | D:3      | Killed Natasha
   770 | D:3      | Noticed Natasha
   780 | D:3      | Killed Natasha
  1299 | D:2      | Reached skill level 4 in Unarmed Combat
  1478 | D:1      | Found a faded altar of an unknown god.
  2137 | D:4      | Reached XP level 6. HP: 61/61 MP: 4/4
  2233 | D:4      | Found a staircase to the Ecumenical Temple.
  2258 | Temple   | Entered the Ecumenical Temple
  2491 | Temple   | Became a worshipper of Warmaster Okawaru
  2527 | D:4      | Reached skill level 5 in Unarmed Combat
  2670 | D:4      | Reached XP level 7. HP: 58/67 MP: 5/5
  2759 | D:4      | Found Goneg's Weapon Emporium.
  3058 | D:5      | Reached * piety under Okawaru
  3059 | D:5      | Reached skill level 1 in Invocations
  3067 | D:5      | Reached skill level 6 in Unarmed Combat
  3281 | D:5      | Found a burning altar of Makhleb.
  3451 | D:6      | Reached XP level 8. HP: 53/78 MP: 7/7
  3494 | D:6      | Reached skill level 7 in Unarmed Combat
  3798 | D:6      | Found a glowing silver altar of Zin.
  4055 | D:7      | Reached skill level 8 in Unarmed Combat
  4105 | D:7      | Found a runed translucent door.
  4105 | D:7      | Noticed dracfodder's ghost (novice GrEE)
  4144 | D:7      | Reached ** piety under Okawaru
  4155 | D:7      | Reached skill level 1 in Shields
  4157 | D:7      | Noticed a cyclops
  4158 | D:7      | Reached skill level 1 in Evocations
  4167 | D:7      | Killed a cyclops
  4168 | D:7      | Reached skill level 9 in Unarmed Combat
  4168 | D:7      | Reached XP level 9. HP: 71/85 MP: 5/8
  4281 | D:7      | Reached *** piety under Okawaru
  4422 | D:7      | Reached skill level 1 in Armour
  4708 | D:7      | Killed dracfodder's ghost
  4709 | D:7      | Reached skill level 10 in Unarmed Combat
  4807 | D:8      | Found a staircase to the Lair.
  4829 | D:8      | Reached **** piety under Okawaru
  4848 | D:8      | Reached XP level 10. HP: 94/94 MP: 10/10
  5027 | D:8      | Reached skill level 5 in Fighting
  5311 | D:9      | Found a broken altar of Ashenzari.
  5371 | D:9      | Found an ornate altar of the Wu Jian Council.
  5497 | D:9      | Reached ***** piety under Okawaru
  5834 | D:9      | Found a staircase to the Orcish Mines.
  6112 | Lair:1   | Entered Level 1 of the Lair of Beasts
  6148 | Lair:1   | Noticed a cane toad
  6161 | Lair:1   | Killed a cane toad
  6162 | Lair:1   | Reached skill level 11 in Unarmed Combat
  6230 | Lair:1   | Noticed a cane toad
  6231 | Lair:1   | Noticed a five-headed hydra
  6271 | Lair:1   | Noticed a cane toad
  6537 | Lair:1   | Killed a cane toad
  6537 | Lair:1   | Received a gift from Okawaru
  6555 | Lair:1   | Killed a six-headed hydra
  6555 | Lair:1   | Mangled by a cane toad

Illustrated notes

Levels and vault maps discovered:
D:1:      elethiomel_arrival_shortcut, layout_basic,
          shapermc_ecumenical_altar_mp_highgroup, st_stairs_10,
          amcnicky_mini_pool_small
D:2:      layout_loops_cross
D:3:      layout_rooms, mainiacjoe_overflow_alcove_2, uniq_jessica,
          uniq_terence, uniq_natasha
D:4:      layout_loops_ring, gammafunk_temple_overflow_pools,
          minmay_temple_entry_junction_2, serial_shops,
          nicolae_shop_bloodbath_and_beyond
D:5:      layout_rooms, mainiacjoe_overflow_alcove_1
D:6:      layout_rooms, mainiacjoe_overflow_six_doors_small
D:7:      layout_rooms, gammafunk_ghost_grave, kennysheep_dice
D:8:      layout_rooms, lair_entry_dummy, st_stairs_13
D:9:      layout_loops_cross, nicolae_wu_jian_wuxing_cycle,
          cheibrodos_ashenzari_chains, orc_0_dummy
Temple:   nicolae_temple_figure_eight
Lair:1:   layout_concentric_octagons, basic_altar,
          nicolae_quartered_pool_medium, chequers_serial_rivers_marsh,
          hellmonk_guarded_unrand_seven_league_boots, grunt_megastairs_3,
          infiniplex_staircase_pool

Skill      XL: |  1  2  3  4  5  6  7  8  9 10 |
---------------+-------------------------------+-----
Stealth        | 3 4 |  4.0
Fighting       | 3 4 5 |  5.6
Unarmed Combat | 3 4 5 6 9 10 11 | 11.2
Dodging        | 2 3 4 |  4.3
Invocations    | 1 2 3 4 |  4.8
Shields        | 1 2 |  2.5
Evocations     | 1 |  1.3
Armour         | 2 3 |  3.6

Action                   |  1- 3 |  4- 6 |  7- 9 | 10-12 || total
-------------------------+-------+-------+-------+-------++-------
Melee: Unarmed           |    46 |   131 |   245 |   173 ||   595
       Punch             |       |     2 |    11 |    13 ||    26
Throw: Large rock        |       |       |       |     5 ||     5
Invok: Heroism           |       |       |     3 |     2 ||     5
Evoke: Wand              |       |       |     4 |       ||     4
  Use: Potion            |       |     4 |     3 |     1 ||     8
       Scroll            |       |       |       |    13 ||    13
 Stab: Sleeping          |     2 |    11 |     2 |     1 ||    16
Armor: Robe              |    11 |    57 |    27 |       ||    95
       Troll leather arm |       |       |    51 |    66 ||   117
Dodge: Dodged            |    12 |    75 |   109 |    78 ||   274
Block: Other             |       |       |    28 |    32 ||    60
       Reflection        |       |       |     1 |     1 ||     2

Table legend: (Time is in decaauts)
 A = Elapsed time spent in this place.
 B = Non-inter-level travel time spent in this place.
 C = Inter-level travel time spent in this place.
 D = Time resting spent in this place.
 E = Time spent auto-exploring this place.
 F = Levels seen in this place.
 G = Mean time per level.
                   A        B        C        D        E       F      G
               +--------+--------+--------+--------+--------+-----+--------+
         Total |   6459 |   6062 |    397 |    141 |   4531 |  11 |  587.2 |
       Dungeon |   5762 |   5447 |    315 |     94 |   4080 |   9 |  640.2 |
        Temple |    254 |    204 |     50 |      0 |    202 |   1 |  254.0 |
          Lair |    442 |    410 |     32 |     47 |    249 |   1 |  442.0 |
               +--------+--------+--------+--------+--------+-----+--------+

Top non-repeatable levels by time:
     D:9: 801 daAuts
     D:4: 736 daAuts
     D:7: 735 daAuts
     D:1: 686 daAuts
     D:2: 590 daAuts
     D:3: 583 daAuts
     D:6: 575 daAuts
     D:8: 560 daAuts
     D:5: 492 daAuts
  Lair:1: 442 daAuts
  Temple: 254 daAuts
